 Dungeon Crawl Stone Soup version 0.26.1-11-gd32895ea62 (webtiles) character file.

Game seed: 1247164015028972360

80 Zeld the Sneak (level 4, 27/29 HPs)
             Began as an Octopode Brigand on May 12, 2021.
             Quit the game on level 4 of the Dungeon.
             The game lasted 00:01:13 (566 turns).

Zeld the Sneak (Octopode Brigand)                    Turns: 566, Time: 00:01:14

Health: 27/29      AC:  1    Str: 11    XL:     4   Next: 39%
Magic:  4/4        EV: 13    Int: 13    God:
Gold:   40         SH:  0    Dex: 13    Spells: 3/3 levels left

rFire    . . .     SeeInvis .   a - +2 dagger
rCold    . . .     Faith    .   (no shield)
rNeg     . . .     Spirit   .   (helmet restricted)
rPois    .         Reflect  .   (no amulet)
rElec    .         Harm     .   (no ring)
rCorr    .         Rampage  .   (no ring)
Will     .....                  (no ring)
Stlth    ++++......             (no ring)
HPRegen  0.09/turn              (no ring)
MPRegen  0.09/turn              (no ring)
                                (no ring)
                                (no ring)

@: no status effects
A: almost no armour, stealthy swim, amphibious, 8 rings, constrict 8, camouflage
1, gelatinous body 1
a: no special abilities


You were on level 4 of the Dungeon.
You visited 1 branch of the dungeon, and saw 4 of its levels.

You collected 40 gold pieces.

Inventory:

Hand Weapons
 a - a +2 dagger (weapon)
Missiles
 b - 8 poisoned darts (quivered)
 c - 2 curare-tipped darts
Scrolls
 d - a scroll of amnesia {unknown}
Potions
 g - a potion of curing {unknown}


   Skills:
 - Level 2.0 Fighting
 - Level 2.0 Short Blades
 * Level 4.5 Throwing
 - Level 1.0 Dodging
 - Level 5.3 Stealth


You had 3 spell levels left.
You didn't know any spells.
Your spell library was empty.

Dungeon Overview and Level Annotations

Branches:
Dungeon (4/15)
 Temple: D:4-7

Altars:

Annotations:
D:4 1 runed translucent door, exclusion: ogre, Crazy Yiuf


Innate Abilities, Weirdness & Mutations

You cannot wear most types of armour.
You are very stealthy in the water. (Stealth+)
You are amphibious.
You can wear up to eight rings at the same time.
You can use your tentacles to constrict eight enemies at once.
Your skin changes colour to match your surroundings (Stealth+).
Your rubbery body absorbs attacks. (AC +1, EV +1)


Message History

Autopickup disabled for potions of cancellation.
You drop a potion of cancellation.
d - a scroll labelled HAEL HARANNEO
There is a stone staircase leading down here.
You climb downwards.
Level annotation: 1 runed translucent door, exclusion: ogre, Crazy Yiuf The bullfrog skeleton closely misses you. x2
There is a stone staircase leading up here.
You hit the bullfrog skeleton. You grab the bullfrog skeleton.
The bullfrog skeleton is severely damaged.
You constrict the bullfrog skeleton.
The bullfrog skeleton closely misses you.
You hit the bullfrog skeleton.
The bullfrog skeleton is almost destroyed.
You constrict the bullfrog skeleton. The bullfrog skeleton hits you.
You hit the bullfrog skeleton.
You destroy the bullfrog skeleton!
You have reached level 4!
Okay, then.
Are you sure you want to abandon this character and quit the game? (Confirm with "yes".)

.......... .....(........
#.#(...... ...#Z.......
#.##############.#.##
#....#........#.....#
.##.##.######.#..#..####
.......................#
.##.##)#<...#.#..#..##.## .###
.##.......###.#..#..##..# #.....#
.##.............@#..###.###.....#
###.......######.#..# #..##.....#
#..............#..# ##.##.....#
#.......#...####..####..#.....#
#.#######...# #..............#
#...........####.######.......#
#. ............................
#. ......#.......#######..#.###
......#.......# ##.#.#


There were no monsters in sight!

Vanquished Creatures
  A bullfrog skeleton (D:4)
  A worker ant (D:4)
  3 adders
  2 jackals (D:4)
7 creatures vanquished.

Notes
Turn   | Place    | Note
-------+----------+-------------------------------------------
     0 | D:1      | Zeld the Octopode Brigand began the quest for the Orb.
     0 | D:1      | Reached XP level 1. HP: 14/14 MP: 1/1
    21 | D:2      | You fall into a shaft and drop 2 floors!
    63 | D:4      | Noticed an ogre
   199 | D:4      | Reached XP level 2. HP: 13/19 MP: 2/2
   334 | D:4      | Found a runed translucent door.
   335 | D:4      | Noticed Crazy Yiuf
   427 | D:4      | Reached XP level 3. HP: 24/24 MP: 3/3
   566 | D:4      | Reached XP level 4. HP: 27/29 MP: 4/4
   566 | D:4      | Quit the game

Illustrated notes

Levels and vault maps discovered:
D:1:      dpeg_arrival_lava_temple_mockup, layout_basic, minmay_pentomino_u2
D:2:      layout_basic, gammafunk_temple_overflow_claw,
          chequers_ecumenical_altar_island
D:3:      layout_rooms
D:4:      layout_basic, lemuel_coloured_pillars_altar, uniq_crazy_yiuf_cottage

Skill      XL: |  1  2  3 |
---------------+----------+-----
Throwing       | 3 4 |  4.5
Fighting       | |  2.0
Short Blades   | |  2.0
Dodging        | |  1.0
Stealth        | |  5.3

Action                   |  1- 3 |  4- 6 || total
-------------------------+-------+-------++-------
Melee: Dagger            |    25 |       ||    25
       Tentacles         |     5 |       ||     5
       Constrict         |     5 |       ||     5
  Use: Scroll            |     2 |       ||     2
       Potion            |     1 |       ||     1
 Stab: Sleeping          |     2 |       ||     2
Dodge: Dodged            |    20 |       ||    20
